cohdb
Replays
Latest Replays
All Replays
Popular Replays
Top Player Replays
Match Explorer
How It Works
Community
CoH3 Stats
Reddit
Sign in to upload your games and track your stats! →
Sign in with Steam
Match 39484894
Unlisted
Match 39484894
Overview
Messages
Build Orders
End
Construct Infanterie Kompanie
Selects Terror Battlegroup
Selects Machine Gun Camouflage
MG 42 Machine Gun Team
Grenadier Squad
MG 42 Machine Gun Team
Construct Panzergrenadier Kompanie
Panzergrenadier Squad
Medical Bunker
Support Elements
Nebelwerfer 42 Rocket Launcher Team
StuG III G Assault Gun
Panzergrenadier Squad
Panzergrenadier Officer Quarters
Selects No Quarter
StuG III G Assault Gun
Nebelwerfer 42 Rocket Launcher Team
StuG III G Assault Gun
StuG III G Assault Gun
Kettenkrad Recon Vehicle
Pioneer Squad
Selects King Tiger Heavy Tank
King Tiger Heavy Tank
Pioneer Squad
Selects Contempt for the Weak
MG 42 Machine Gun Team
Construct Panzer Kompanie
Repair Bunker
Selects Propaganda Leaflet Drop
King Tiger Heavy Tank
Kettenkrad Recon Vehicle
Propaganda Leaflet Drop
Selects V1 Rocket Strike
V1 Rocket Strike
Nuclear Viking
Alex
待风的苍鹰
ITCI
L'hermite
kc
x gon give it to ya
Diabolus
0
0
Comments
sign in to comment!
No comments posted yet!